 Dungeon Crawl Stone Soup version 0.32-a0-361-g289a535e89 (webtiles) character file.

Game seed: 3528347650222619416

191 croobank the Sneak (level 5, 0/42 HPs)
             Began as a Human Delver on Feb 18, 2024.
             Slain by a scorpion (2 damage)
             ... on level 4 of the Dungeon.
             The game lasted 00:08:06 (3073 turns).

croobank the Sneak (Human Delver)                   Turns: 3073, Time: 00:08:06

Health: 0/42       AC:  4    Str: 14    XL:     5   Next: 70%
Magic:  14/14      EV: 12    Int: 12    God:
Gold:   178        SH:  0    Dex: 15    Spells: 4/4 levels left

rFire   + . .        t - +4 spear of Misery {freeze, rElec Str+2 SInv}
rCold   . . .        (no shield)
rNeg    . . .        b - +0 leather armour
rPois   .            (no helmet)
rElec   +            (no cloak)
rCorr   .            (no gloves)
SInv    +            c - +0 pair of boots
Will    .....        k - amulet "Typh" {Faith MP+9}
Stlth   +++          e - ring of protection from fire
HPRegen 0.27/turn    (no ring)
MPRegen 0.14/turn

%: faith
@: lethally poisoned (0 -> -16)
A: explore regen
a: no special abilities


You were on level 4 of the Dungeon.
You visited 1 branch of the dungeon, and saw 6 of its levels.

You collected 178 gold pieces.

Inventory:

Hand Weapons
 a - a +1 short sword of venom
 l - a +1 dagger of protection
 t - the +4 spear of Misery (weapon) {freeze, rElec Str+2 SInv}
   (You found it on level 2 of the Dungeon)

   Str+2:     It affects your strength (+2).
   rElec:     It insulates you from electricity.
   SInv:      It lets you see invisible.
Missiles
 o - 2 poisoned darts (quivered)
Armour
 b - a +0 leather armour (worn)
 c - a +0 pair of boots (worn)
 d - a +0 ring mail
 n - a +0 kite shield
Jewellery
 e - a ring of protection from fire (left hand)
 k - the amulet "Typh" (around neck) {Faith MP+9}
   (You found it on level 2 of the Dungeon)

   [amulet of faith]

   Faith:     It allows you to gain divine favour quickly.
   MP+9:      It affects your magic capacity (+9).
Wands
 g - a wand of digging (3)
 m - a wand of light (11)
Scrolls
 h - a scroll of acquirement {unknown}
 j - a scroll of noise {unknown}
 u - a scroll of teleportation
 v - a scroll of immolation {unknown}
Potions
 f - a potion of magic
 i - 2 potions of brilliance
 p - a potion of haste
 q - a potion of enlightenment {unknown}
 r - 2 potions of invisibility
 s - a potion of degeneration {unknown}


   Skills:
 + Level 4.0 Fighting
 - Level 3.1 Short Blades
 * Level 1.0 Polearms
 + Level 3.2 Dodging
 + Level 5.8 Stealth


You had 4 spell levels left.
You didn't know any spells.
Your spell library contained the following spells:

 Spells                   Type           Power      Damage    Failure   Level
 Gell's Gravitas          Tloc           0%         N/A       77%         3
 Teleport Other           Tloc           0%         N/A       77%         3
 Dispersal                Tloc           0%         N/A       100%        6


Dungeon Overview and Level Annotations

Branches:
Dungeon (6/15)
 Temple: D:4-7

Altars:
Qazlal
Sif Muna
The Shining One

Shops:
D:2 (:([[


Innate Abilities, Weirdness & Mutations

You regain HP and MP as you explore.


Message History

The scorpion stings you. x2
You hit the scorpion. You freeze the scorpion.
The scorpion is moderately wounded.
The scorpion stings you!
You hit the scorpion. You freeze the scorpion.
The scorpion is heavily wounded.
The scorpion stings you.
You barely miss the scorpion.
The scorpion is heavily wounded.
The scorpion closely misses you.
You hit the scorpion. You freeze the scorpion.
The scorpion is severely wounded.
The scorpion stings you but does no damage.
The scorpion stings you.
You are poisoned.
The scorpion poisons you!
You closely miss the scorpion.
The scorpion is severely wounded.
You feel very sick. The scorpion stings you.
You are lethally poisoned!
The scorpion poisons you!
You hit the scorpion but do no damage.
The scorpion is severely wounded.
You feel very sick. The scorpion barely misses you.
You completely miss the scorpion.
The scorpion is severely wounded.
* * * LOW HITPOINT WARNING * * *
You feel very sick. The scorpion stings you.
* * * LOW HITPOINT WARNING * * *
You are more poisoned.
The scorpion poisons you!
You hit the scorpion but do no damage.
The scorpion is severely wounded.
* * * LOW HITPOINT WARNING * * *
You feel very sick. The scorpion stings you.
You die...

#..## #... #...# #..#
### #####..## #...
#..##.##....# #...
#......##..### ###...
##......###...###...##
#....<..##.....##...#.
##.....###..#.###.....
##..@..##..##.###....
###..s...##.##...#....
#........#............
........................
........................
..$.....................
........................
........................
o......................


You could see a scorpion.

Vanquished Creatures
  An iguana (D:6)
  An orc wizard (D:3)
  2 adders
  A dart slug (D:3)
  5 orcs (D:3)
  4 ball pythons (D:1)
  5 endoplasms
  A giant cockroach (D:3)
  6 goblins
  15 hobgoblins
  3 jackals (D:2)
  5 kobolds
  4 quokkas
  5 bats
  3 frilled lizards
  4 rats
65 creatures vanquished.

Notes
Turn   | Place    | Note
-------+----------+-------------------------------------------
     0 | D:5      | croobank the Human Delver began the quest for the Orb.
     0 | D:5      | Reached XP level 1. HP: 18/18 MP: 1/1
     1 | D:6      | Noticed an iguana
     3 | D:6      | Noticed an ice beast
     5 | D:6      | Killed an iguana
     6 | D:6      | Reached XP level 2. HP: 24/24 MP: 2/2
     6 | D:6      | Reached XP level 3. HP: 29/29 MP: 3/3
    91 | D:4      | Noticed a steam dragon
   112 | D:4      | Found a stormy altar of Qazlal.
   112 | D:4      | Found a glowing golden altar of the Shining One.
   174 | D:4      | Noticed a scorpion
   333 | D:3      | Found a shimmering blue altar of Sif Muna.
   503 | D:2      | Reached XP level 4. HP: 30/35 MP: 4/4
   520 | D:2      | Identified the amulet "Typh" {Faith MP+9}
   621 | D:2      | Identified the +4 spear of Misery {freeze, rElec Str+2
                  | SInv}
   672 | D:2      | Found Yxouvviq's Book Shoppe.
  1638 | D:1      | Reached XP level 5. HP: 42/42 MP: 5/5
  2050 | D:2      | Found Zoeg's Armour Boutique.
  2207 | D:2      | Found Torirouf's Weapon Shoppe.
  2353 | D:2      | Noticed an animated storm dragon scales
  2354 | D:2      | Found Novaz's Armour Emporium.
  2354 | D:2      | Noticed an animated storm dragon scales
  2574 | D:2      | Found Viasiseq's Weapon Shop.
  2917 | D:3      | Reached skill level 1 in Polearms
  3073 | D:4      | HP: 2/42 [poisoned by a scorpion]
  3073 | D:4      | Slain by a scorpion

Illustrated notes

Levels and vault maps discovered:
D:1:      sevenhm_arrival_forest_fort_small_6, layout_loops_ring
D:2:      layout_basic, serial_shops, shop, shop, nicolae_shop_rolling_square,
          shop, nicolae_shop_mannequins, hangedman_decor_peaks_small,
          minmay_vboxes
D:3:      layout_basic, led_sif_pool, serial_curves, eino_curves_01,
          eino_curves_02
D:4:      layout_cave_pools, mainiacjoe_overflow_large_starburst,
          nicolae_hepliaklqana_monster_ancestors, minmay_temple_entry_tees,
          serial_column_ruins, column_ruins_hut, column_ruins_open_tiny,
          column_ruins_open_large, column_ruins_grid_1, column_ruins_open_small,
          column_ruins_columns_plus, column_ruins_grid_3
D:5:      layout_loops_corners, ebering_ghost_disaster_area, serial_demonic,
          serial_demonic_c, serial_demonic_f, serial_demonic_e,
          serial_demonic_a, uniq_grinder
D:6:      layout_gridville, nicolae_dithmenos_shadow_blocks,
          okawaru_ov_weapons_minmay, ebering_ghost_gozag

Skill      XL: |  1  2  3  4  5 |
---------------+----------------+-----
Dodging        | 3 |  3.2
Short Blades   | 3 |  3.1
Polearms       | 1 |  1.0
Fighting       | 4 |  4.0
Stealth        | |  5.8

Action                     |  1- 3 |  4- 6 || total
---------------------------+-------+-------++-------
  Melee: Short sword       |    61 |   128 ||   189
         Spear             |       |    40 ||    40
    Use: Scroll            |     3 |     5 ||     8
         Potion            |     1 |     4 ||     5
   Stab: Sleeping          |     4 |    19 ||    23
         Invisible         |       |     1 ||     1
 Armour: Leather armour    |    19 |    83 ||   102
  Dodge: Dodged            |    33 |    92 ||   125

Table legend: (Time is in decaauts)
 A = Elapsed time spent in this place.
 B = Non-inter-level travel time spent in this place.
 C = Inter-level travel time spent in this place.
 D = Time resting spent in this place.
 E = Time spent auto-exploring this place.
 F = Levels seen in this place.
 G = Mean time per level.
                   A        B        C        D        E       F      G
               +--------+--------+--------+--------+--------+-----+--------+
         Total |   3030 |   2842 |    188 |    452 |   1722 |   6 |  505.0 |
       Dungeon |   3030 |   2842 |    188 |    452 |   1722 |   6 |  505.0 |
               +--------+--------+--------+--------+--------+-----+--------+

Top non-repeatable levels by time:
     D:1: 1290 daAuts
     D:2: 922 daAuts
     D:3: 644 daAuts
     D:4: 92 daAuts
     D:5: 69 daAuts
     D:6: 10 daAuts
